 Dungeon Crawl Stone Soup version 0.25.0-3-gd7cc5688da (webtiles) character file.

Game seed: 6473335582185625166

2712 Curus the Spear-Bearer (level 9, -7/81 HPs)
             Began as a Minotaur Monk on June 14, 2020.
             Was a Believer of Trog.
             Mangled by a hornet (11 damage)
             ... on level 9 of the Dungeon on June 15, 2020.
             The game lasted 00:26:20 (4541 turns).

Curus the Spear-Bearer (Minotaur Monk)              Turns: 4541, Time: 00:26:22

Health: -7/81      AC:  7    Str: 17    XL:     9   Next: 39%
Magic:  8/8        EV: 16    Int: 13    God:    Trog [**....]
Gold:   446        SH:  0    Dex: 15    Spells: 8/8 levels left

rFire    . . .     SeeInvis .   e - +2 spear (freeze)
rCold    . . .     Gourm    .   (no shield)
rNeg     . . .     Faith    .   q - +1 troll leather armour
rPois    .         Spirit   .   (helmet restricted)
rElec    .         Reflect  .   k - +1 cloak
rCorr    .         Harm     .   (no gloves)
MR       .....                  (no boots)
Stlth    ++........             (no amulet)
HPRegen  0.63/turn              p - +6 ring of intelligence
MPRegen  0.11/turn              (no ring)

@: lethally poisoned (-7 -> -17), slowed, very slow
A: retaliatory headbutt, horns 2
a: Berserk, Trog's Hand, Renounce Religion


You were on level 9 of the Dungeon.
You worshipped Trog.
Trog was pleased with you.
You were hungry.

You visited 1 branch of the dungeon, and saw 9 of its levels.

You collected 446 gold pieces.

Inventory:

Hand Weapons
 a - a +0 spear
 e - a +2 spear of freezing (weapon)
Armour
 b - a +0 robe
 g - a +1 ring mail
 k - a +1 cloak (worn)
 q - a +1 troll leather armour (worn)
Jewellery
 j - an uncursed ring of attention
 p - a +6 ring of intelligence (left hand)
Wands
 s - a wand of flame (11)
Scrolls
 d - 2 scrolls of teleportation
 f - 3 scrolls of identify
 n - a scroll of fog
 o - a scroll of amnesia
Potions
 h - 2 potions of curing
 i - 2 potions of haste
 l - 2 potions of heal wounds
 m - 3 potions of might
Comestibles
 c - 16 rations
 r - 2 chunks of flesh


   Skills:
 + Level 8.0 Fighting
 - Level 12.0 Polearms
 + Level 7.2 Dodging
 - Level 1.5 Stealth


You had 8 spell levels left.
You didn't know any spells.
Your spell library contained the following spells:

 Spells                   Type           Power        Failure   Level  Hunger
 Magic Dart               Conj           #...         36%         1    ##.....
 Blink                    Tloc           N/A          50%         2    ###....
 Call Imp                 Summ           #.......     50%         2    ###....
 Slow                     Hex            #.......     50%         2    ###....
 Conjure Flame            Conj/Fire      #.......     75%         3    ####...
 Mephitic Cloud           Conj/Pois/Air  #.......     75%         3    ####...


Dungeon Overview and Level Annotations

Branches:
Dungeon (10/15)            Temple (0/1) D:4
   Lair: D:8-11         Orc: D:9-12

Altars:
Ashenzari
Gozag
Hepliaklqana
Trog
Uskayaw
Vehumet

Shops:
D:5 :

Annotations:
D:7 1 transporter


Innate Abilities, Weirdness & Mutations

You reflexively headbutt those who attack you in melee.
You have a pair of horns on your head.


Message History

You suddenly lose the ability to move!
The centaur hits you. The orc hits you with a +0 short sword.
You feel sick. The hornet stings you.
You are more poisoned.
You feel yourself slow down.
The centaur hits you but does no damage.
The orc hits you with a +0 flail. The hornet stings you!
* * * LOW HITPOINT WARNING * * *
You are more poisoned.
You feel as though you will be slow longer.
The orc hits you but does no damage. The centaur hits you.
* * * LOW HITPOINT WARNING * * *
You can move again.
* * * LOW HITPOINT WARNING * * *
You feel very sick.
The centaur wields a +0 shortbow.
The centaur shoots an arrow.
The arrow hits you!
* * * LOW HITPOINT WARNING * * *
The hornet stings you!
You die...

##.## ......
<...##..... .
......... ..
....... .. .....
.. #... #. #..#
...#..##>##
.......(o@#
.....S.oy##
.......c.)Z.....
........hh......
........##F.....
.#......# #.....
###..... ...>.
#..... ....
..... ..##


You could see a hornet, a centaur, an adder, 2 orcs and a jackal.

Vanquished Creatures
  A two-headed ogre (D:9)
  A hornet (D:7)
  A soldier ant (D:10)
  Duvessa (D:6)
  2 ice beasts
  A phantom (D:5)
  5 ogres
  A centaur (D:9)
  3 bullfrogs
  3 scorpions
  Dowan (D:6)
  A centaur zombie (D:6)
  2 crimson imps (D:5)
  A hound (D:6)
  Crazy Yiuf (D:2)
  Jessica (D:3)
  3 orc wizards
  3 worker ants
  A hound skeleton (D:5)
  3 gnolls (D:6)
  3 adders
  An ooze (D:4)
  3 adder skeletons (D:4)
  2 adder zombies
  A worm (D:5)
  4 leopard geckos
  5 orcs
  11 bats
  4 giant cockroaches
  5 goblins
  5 hobgoblins
  4 jackals (D:2)
  5 quokkas
  A ball python (D:5)
  4 frilled lizards (D:1)
  5 kobolds
  A leopard gecko skeleton (D:3)
  A leopard gecko zombie (D:5)
  2 quokka zombies (D:5)
  11 rats
  A fungus (D:2)
115 creatures vanquished.

Notes
Turn   | Place    | Note
-------+----------+-------------------------------------------
     0 | D:1      | Curus the Minotaur Monk began the quest for the Orb.
     0 | D:1      | Reached XP level 1. HP: 19/19 MP: 0/0
   153 | D:1      | Reached skill level 4 in Polearms
   329 | D:1      | Reached XP level 2. HP: 26/26 MP: 1/1
   698 | D:2      | Found a hazy altar of Hepliaklqana.
   796 | D:2      | Reached skill level 5 in Polearms
   837 | D:2      | Reached XP level 3. HP: 31/31 MP: 2/2
   975 | D:2      | Found a radiant altar of Vehumet.
  1165 | D:2      | Found a runed translucent door.
  1166 | D:2      | Noticed Crazy Yiuf
  1172 | D:2      | Killed Crazy Yiuf
  1172 | D:2      | Reached skill level 6 in Polearms
  1172 | D:2      | Reached XP level 4. HP: 29/39 MP: 3/3
  1384 | D:3      | Noticed Jessica
  1393 | D:3      | Killed Jessica
  1520 | D:3      | Found a shattered altar of Ashenzari.
  1725 | D:3      | Found a hide-covered altar of Uskayaw.
  1725 | D:3      | Found an opulent altar of Gozag.
  1977 | D:4      | Upgraded the game from 0.25.0-1-g7eea58d2a3 to
                  | 0.25.0-3-gd7cc5688da
  2072 | D:4      | Reached XP level 5. HP: 45/45 MP: 4/4
  2097 | D:4      | Reached skill level 7 in Polearms
  2219 | D:4      | Found a bloodstained altar of Trog.
  2227 | D:4      | Became a worshipper of Trog the Wrathful
  2227 | D:4      | Reached * piety under Trog
  2227 | D:4      | Reached ** piety under Trog
  2361 | D:4      | Noticed an ogre
  2362 | D:4      | Noticed an ogre
  2377 | D:4      | Killed an ogre
  2377 | D:4      | Reached skill level 8 in Polearms
  2377 | D:4      | Reached XP level 6. HP: 21/51 MP: 5/5
  2658 | D:4      | Found a staircase to the Ecumenical Temple.
  2911 | D:5      | Entered Level 5 of the Dungeon
  2942 | D:5      | Reached skill level 9 in Polearms
  3044 | D:5      | Reached XP level 7. HP: 56/57 MP: 6/6
  3058 | D:5      | Reached skill level 10 in Polearms
  3312 | D:5      | Reached skill level 11 in Polearms
  3495 | D:5      | Found Esyut's Book Shoppe.
  3732 | D:6      | Noticed Duvessa
  3732 | D:6      | Noticed Dowan
  3739 | D:6      | Reached XP level 8. HP: 64/64 MP: 7/7
  3744 | D:6      | Killed Dowan
  3749 | D:6      | Killed Duvessa
  3803 | D:6      | Reached skill level 12 in Polearms
  4246 | D:7      | Found a transporter.
  4246 | D:7      | Noticed a hornet
  4262 | D:7      | Killed a hornet
  4262 | D:7      | Reached skill level 5 in Fighting
  4311 | D:7      | You fall into a shaft and drop 3 floors!
  4311 | D:10     | Entered Level 10 of the Dungeon
  4323 | D:10     | Reached skill level 5 in Dodging
  4414 | D:10     | Reached XP level 9. HP: 63/78 MP: 8/8
  4516 | D:9      | Noticed a two-headed ogre
  4532 | D:9      | Killed a two-headed ogre
  4539 | D:9      | Paralysed by a hornet for 1 turns
  4541 | D:9      | HP: 4/81 [centaur/arrow (9)]
  4541 | D:9      | Mangled by a hornet

Illustrated notes

Levels and vault maps discovered:
D:1:      saegor_arrival_simple_d, layout_basic, minmay_tetromino_l4
D:2:      layout_basic, lemuel_round_altar, marbit_many_paths,
          kennysheep_generic_room_9, uniq_crazy_yiuf_cottage
D:3:      layout_loops_cross, lemuel_doored_altar,
          gammafunk_temple_overflow_elements, serial_glass, glass_columns_b,
          glass_columns_b, uniq_jessica
D:4:      layout_basic, bloody_trog, minmay_temple_entry_drinking_statues,
          minmay_misc_feat_cross
D:5:      layout_loops_ring, first_ration, serial_shops, shop,
          serial_bayou_pond_a
D:6:      layout_cave_pools, kennysheep_small_square, uniq_duvessa
D:7:      gammafunk_cloud_chamber, layout_cave_pools, grunt_ogre_cave,
          amethyst_killhole, uniq_menkaure
D:9:      layout_cave_pools
D:10:     layout_small_grid, lemuel_hellish_altar

Skill      XL: |  1  2  3  4  5  6  7  8  9 |
---------------+----------------------------+-----
Polearms       | 4 5 6 8 9 11 12 | 12.0
Fighting       | 6 8 |  8.0
Dodging        | 5 7 |  7.2
Stealth        | |  1.5

Action                   |  1- 3 |  4- 6 |  7- 9 || total
-------------------------+-------+-------+-------++-------
Melee: Spear             |    83 |   107 |   188 ||   378
       Headbutt          |    10 |    15 |    31 ||    56
Invok: Berserk           |       |       |     1 ||     1
Evoke: Wand              |       |       |     1 ||     1
  Use: Potion            |     4 |     2 |     3 ||     9
       Scroll            |     7 |     2 |     4 ||    13
 Stab: Sleeping          |     1 |     3 |     2 ||     6
       Invisible         |       |       |     2 ||     2
  Eat: Chunk             |     1 |     5 |     6 ||    12
Armor: Robe              |     1 |       |       ||     1
       Ring mail         |    18 |    14 |     3 ||    35
       Troll leather arm |       |       |    24 ||    24
Dodge: Dodged            |    32 |    29 |    62 ||   123
